 Dungeon Crawl Stone Soup version 0.28.0-1-gb440e238dd (webtiles) character file.

Game seed: 7806321905566392865

90 Ablot the Grasshopper (level 4, 0/38 HPs)
             Began as a Gnoll Warper on Feb 22, 2022.
             Slain by a hound (2 damage)
             ... on level 2 of the Dungeon.
             The game lasted 00:02:53 (3286 turns).

Ablot the Grasshopper (Gnoll Warper)                Turns: 3286, Time: 00:02:53

Health: 0/38       AC:  5    Str: 12    XL:     4   Next: 56%
Magic:  11/11      EV: 11    Int: 13    God:
Gold:   68         SH:  0    Dex: 11    Spells: 11/13 levels left

rFire   . . .      SeeInvis +   a - +0 spear
rCold   . . .      Faith    .   (no shield)
rNeg    . . .      Spirit   .   p - +0 ring mail
rPois   .          Reflect  .   (no helmet)
rElec   .          Harm     .   (no cloak)
rCorr   .          Rampage  .   (no gloves)
Will    .....                   (no boots)
Stlth   +.........              (no amulet)
HPRegen 0.12/turn               e - ring of see invisible
MPRegen 0.12/turn               (no ring)

@: no status effects
A: fangs 1, strong nose, distributed training
a: no special abilities


You were on level 2 of the Dungeon.
You visited 1 branch of the dungeon, and saw 3 of its levels.

You collected 68 gold pieces.

Inventory:

Hand Weapons
 a - a +0 spear (weapon)
Missiles
 d - 5 boomerangs of dispersal
 f - 79 stones
 g - 4 poisoned darts (quivered)
Armour
 b - a +0 leather armour
 p - a +0 ring mail (worn)
Jewellery
 e - a ring of see invisible (left hand)
Scrolls
 c - a scroll of blinking
 h - a scroll of summoning {unknown}
 i - 2 scrolls of enchant weapon {unknown}
 m - a scroll of fear {unknown}
 n - a scroll of teleportation {unknown}
 o - 2 scrolls of identify {unknown}
 q - 3 scrolls of fog {unknown}
 r - a scroll of immolation {unknown}
Potions
 j - a potion of flight {unknown}
 k - a potion of lignification {unknown}
 l - a potion of curing {unknown}


   Skills:
 + Level 4.6 Fighting
 + Level 1.2 Short Blades
 + Level 1.2 Long Blades
 + Level 1.2 Axes
 + Level 1.2 Maces & Flails
 + Level 4.6 Polearms
 + Level 1.2 Staves
 + Level 1.2 Slings
 + Level 1.2 Bows
 + Level 1.2 Crossbows
 + Level 2.8 Throwing
 + Level 2.8 Armour
 + Level 4.6 Dodging
 + Level 1.2 Stealth
 + Level 1.2 Shields
 + Level 1.2 Unarmed Combat
 + Level 5.1 Spellcasting
 + Level 1.0 Conjurations
 + Level 1.0 Hexes
 + Level 1.0 Summonings
 + Level 1.0 Necromancy
 + Level 5.5 Translocations
 + Level 1.0 Transmutations
 + Level 1.0 Fire Magic
 + Level 1.0 Ice Magic
 + Level 1.0 Air Magic
 + Level 1.0 Earth Magic
 + Level 1.0 Poison Magic
 + Level 1.3 Invocations
 + Level 1.2 Evocations


You had 11 spell levels left.
You knew the following spells:

 Your Spells              Type           Power      Damage    Failure   Level
a - Blink                 Tloc           34%        N/A       6%          2

Your spell library contained the following spells:

 Spells                   Type           Power      Damage    Failure   Level
 Gell's Gravitas          Tloc           17%        N/A       13%         3
 Lesser Beckoning         Tloc           17%        N/A       13%         3
 Teleport Other           Tloc           17%        N/A       13%         3
 Manifold Assault         Tloc           17%        N/A       75%         5


Dungeon Overview and Level Annotations

Branches:
Dungeon (3/15)

Altars:


Innate Abilities, Weirdness & Mutations

You have very sharp teeth.
Your uncanny sense of smell can sniff out nearby items.
Your experience applies equally to all skills.


Message History

The gnoll hits you from afar with a +0 spear.
You barely miss the hound. You bite the hound, but do no damage.
The hound bites you but does no damage. The hound completely misses you.
The gnoll closely misses you.
You closely miss the hound. The hound barely misses you.
You hit the hound but do no damage. Your bite misses the hound.
The hound bites you but does no damage.
The gnoll hits you from afar with a +0 spear!
* * * LOW HITPOINT WARNING * * *
Unknown command.
The hound bites you but does no damage.
Found 8 gold pieces.
The hound bites you.
* * * LOW HITPOINT WARNING * * *
Found a scroll labelled MASAOQ IKLEME.
The hound barely misses you.
You see here 8 gold pieces.
The hound barely misses you. The hound closely misses you.
The hound misses you. The hound bites you but does no damage.
The hound bites you but does no damage. The hound closely misses you.
The hound bites you but does no damage. The hound barely misses you.
There is a stone staircase leading up here.
The hound bites you.
* * * LOW HITPOINT WARNING * * *
The gnoll hits you but does no damage. The hound bites you.
* * * LOW HITPOINT WARNING * * *
You climb upwards.
There is a stone staircase leading down here.
The hound misses you. The hound bites you but does no damage.
The hound misses you. The hound bites you.
* * * LOW HITPOINT WARNING * * *
The hound barely misses you. The hound barely misses you. The hound bites you.
You die...

.##<############................#
.#...#..................#.##.####
.#.8.#########.#.#....#.#.##.....
.#...# #.#.#....#.#........
###.## #...#....#..........
###.##########.#.#....#........##
##...##...##...#)###..#.##.......
.'.8.'..8.>#...#.# #..#.##.###.##
##...##...##...#@# #..#.##.###.##
###.#######....#h# #..#......#...
###.#####......#.###.......#.####
...............#....#.######.#...
################....#............
###....########.#.##
##...........# #.#.#.
#....####....# #.#...
#............# #.###.


You could see a hound.

Vanquished Creatures
  A hound (D:3)
  3 adders (D:2)
  5 bats
  2 endoplasms (D:2)
  3 goblins
  3 hobgoblins (D:1)
  7 kobolds
  A quokka (D:2)
  3 ball pythons
  5 frilled lizards
  2 rats
35 creatures vanquished.

Vanquished Creatures (others)
  6 plants (D:1)
6 creatures vanquished.

Grand Total: 41 creatures vanquished

Notes
Turn   | Place    | Note
-------+----------+-------------------------------------------
     0 | D:1      | Ablot the Gnoll Warper began the quest for the Orb.
     0 | D:1      | Reached XP level 1. HP: 20/20 MP: 6/6
   258 | D:1      | Found a faded altar of an unknown god.
   333 | D:1      | Reached XP level 2. HP: 22/26 MP: 7/7
   350 | D:1      | Learned a level 2 spell: Blink
  1272 | D:2      | Reached XP level 3. HP: 27/31 MP: 9/9
  1402 | D:2      | Reached skill level 5 in Spellcasting
  1793 | D:2      | Reached skill level 1 in Invocations
  2142 | D:2      | Reached skill level 1 in Short Blades
  2142 | D:2      | Reached skill level 1 in Long Blades
  2142 | D:2      | Reached skill level 1 in Axes
  2142 | D:2      | Reached skill level 1 in Maces & Flails
  2142 | D:2      | Reached skill level 1 in Staves
  2142 | D:2      | Reached skill level 1 in Slings
  2142 | D:2      | Reached skill level 1 in Bows
  2142 | D:2      | Reached skill level 1 in Crossbows
  2142 | D:2      | Reached skill level 1 in Stealth
  2142 | D:2      | Reached skill level 1 in Shields
  2142 | D:2      | Reached skill level 1 in Unarmed Combat
  2142 | D:2      | Reached skill level 1 in Evocations
  2632 | D:2      | Reached XP level 4. HP: 37/38 MP: 11/11
  3246 | D:3      | Reached skill level 1 in Conjurations
  3246 | D:3      | Reached skill level 1 in Hexes
  3246 | D:3      | Reached skill level 1 in Summonings
  3246 | D:3      | Reached skill level 1 in Necromancy
  3246 | D:3      | Reached skill level 1 in Transmutations
  3246 | D:3      | Reached skill level 1 in Fire Magic
  3246 | D:3      | Reached skill level 1 in Ice Magic
  3246 | D:3      | Reached skill level 1 in Air Magic
  3246 | D:3      | Reached skill level 1 in Earth Magic
  3246 | D:3      | Reached skill level 1 in Poison Magic
  3271 | D:3      | HP: 1/38 [hound (2)]
  3280 | D:2      | HP: 1/38 [hound (1)]
  3286 | D:2      | Slain by a hound

Illustrated notes

Levels and vault maps discovered:
D:1:      dpeg_arrival_signposts, layout_basic, nicolae_ecumenical_lake_church,
          lexackson_kobold_supper
D:2:      layout_basic, grunt_ministairs_5
D:3:      layout_loops_corners, cheibrodos_gnoll_hut

Skill      XL: |  1  2  3  4 |
---------------+-------------+-----
Spellcasting   | 5 |  5.1
Invocations    | 1 |  1.3
Short Blades   | 1 |  1.2
Long Blades    | 1 |  1.2
Axes           | 1 |  1.2
Maces & Flails | 1 |  1.2
Staves         | 1 |  1.2
Slings         | 1 |  1.2
Bows           | 1 |  1.2
Crossbows      | 1 |  1.2
Stealth        | 1 |  1.2
Shields        | 1 |  1.2
Unarmed Combat | 1 |  1.2
Evocations     | 1 |  1.2
Conjurations   | 1 |  1.0
Hexes          | 1 |  1.0
Summonings     | 1 |  1.0
Necromancy     | 1 |  1.0
Transmutations | 1 |  1.0
Fire Magic     | 1 |  1.0
Ice Magic      | 1 |  1.0
Air Magic      | 1 |  1.0
Earth Magic    | 1 |  1.0
Poison Magic   | 1 |  1.0
Fighting       | |  4.6
Polearms       | |  4.6
Throwing       | |  2.8
Armour         | |  2.8
Dodging        | |  4.6
Translocations | |  5.5

Action                   |  1- 3 |  4- 6 || total
-------------------------+-------+-------++-------
Melee: Spear             |   122 |    32 ||   154
       Bite              |     8 |     6 ||    14
       Punch             |     2 |       ||     2
 Stab: Sleeping          |     1 |       ||     1
Armor: Leather armour    |    17 |       ||    17
       Ring mail         |     1 |    13 ||    14
Dodge: Dodged            |    49 |    28 ||    77
